 Dungeon Crawl Stone Soup version 0.28.0-1-gb440e238dd (webtiles) character file.

Game seed: 17737490044398357441

1165 mhtbhm the Covered (level 8, 0/48 HPs)
             Began as a Gargoyle Fighter on Feb 20, 2022.
             Slain by Grinder (3 damage)
             ... while paralysed by Grinder
             ... on level 6 of the Dungeon.
             The game lasted 00:06:41 (6148 turns).

mhtbhm the Covered (Gargoyle Fighter)               Turns: 6148, Time: 00:06:42

Health: 0/48       AC: 13    Str: 21    XL:     8   Next: 40%
Magic:  8/8        EV:  2    Int: 10    God:
Gold:   261        SH:  0    Dex:  9    Spells: 7/7 levels left

rFire   . . .      SeeInvis .   a - +1 whip (flame)
rCold   . . .      Faith    .   c - +0 buckler
rNeg    + . .      Spirit   .   b - +0 scale mail
rPois   ∞          Reflect  .   (no helmet)
rElec   +          Harm     .   (no cloak)
rCorr   +          Rampage  .   (no gloves)
Will    .....                   (no boots)
Stlth   ..........              (no amulet)
HPRegen 0.16/turn               m - ring of resist corrosion
MPRegen 0.11/turn               p - ring of flight

@: paralysed, flying
A: sickness immunity, AC +5, negative energy resistance 1, electricity
resistance, torment resistance 1, petrification resistance
a: no special abilities


You were on level 6 of the Dungeon.
You visited 1 branch of the dungeon, and saw 6 of its levels.
You also visited: Sewer.

You collected 261 gold pieces.

Inventory:

Hand Weapons
 a - a +1 whip of flaming (weapon)
Missiles
 j - 12 poisoned darts (quivered)
Armour
 b - a +0 scale mail (worn)
 c - a +0 buckler (worn)
Jewellery
 m - a ring of resist corrosion (left hand)
 p - a ring of flight (right hand)
Wands
 r - a wand of charming (7)
Scrolls
 e - 2 scrolls of fog
 f - 2 scrolls of holy word
 i - a scroll of enchant weapon
 o - a scroll of fear
 t - 3 scrolls of blinking
 u - a scroll of immolation
Potions
 d - 4 potions of might
 g - a potion of brilliance
 h - 5 potions of curing
 k - 2 potions of magic {unknown}
 l - a potion of heal wounds
 n - 2 potions of flight
 q - 2 potions of degeneration {unknown}
 s - a potion of haste {unknown}


   Skills:
 + Level 4.5 Fighting
 + Level 6.2 Maces & Flails
 + Level 0.1 Throwing
 + Level 6.3 Armour
 + Level 2.2 Dodging
 + Level 1.4 Stealth
 + Level 5.3 Shields


You had 7 spell levels left.
You didn't know any spells.
Your spell library contained the following spells:

 Spells                   Type           Power      Damage    Failure   Level
 Foxfire                  Conj/Fire      0%         2x1d4     77%         1
 Blink                    Tloc           0%         N/A       88%         2
 Conjure Flame            Conj/Fire      0%         6-21      98%         3
 Inner Flame              Hex/Fire       0%         N/A       98%         3
 Lesser Beckoning         Tloc           0%         N/A       98%         3
 Flame Wave               Conj/Fire      0%         2d4       100%        4
 Manifold Assault         Tloc           0%         N/A       100%        5


Dungeon Overview and Level Annotations

Branches:
Dungeon (6/15)              Sewer (visited)
 Temple: D:4-7

Altars:
Zin

Annotations:
D:6 Grinder


Innate Abilities, Weirdness & Mutations

You are immune to sickness and miasma.
Your stone body is resilient. (AC +5)
You are immune to poison.
You resist negative energy. (rN+)
You are resistant to electric shocks. (rElec)
You are resistant to unholy torment.
You are immune to petrification.


Message History

You barely miss Grinder.
Grinder is severely wounded.
Grinder blinks!
Grinder closely misses you.
You hit Grinder. You burn Grinder.
Grinder is almost dead.
Grinder hits you.
* * * LOW HITPOINT WARNING * * *
You writhe in agony.
* * * LOW HITPOINT WARNING * * *
You hit Grinder. You burn Grinder.
Grinder is almost dead.
Grinder closely misses you.
You barely miss Grinder.
Grinder is almost dead.
You block Grinder's attack.
You hit Grinder but do no damage.
Grinder is almost dead.
You completely miss Grinder.
Grinder is almost dead.
Grinder says, "Don't move a muscle."
Grinder hits you but does no damage.
You completely miss Grinder.
Grinder is almost dead.
You block Grinder's attack.
You hit Grinder. You burn Grinder.
Grinder is almost dead.
Grinder hits you.
* * * LOW HITPOINT WARNING * * *
You completely miss Grinder.
Grinder is almost dead.
Grinder hits you but does no damage.
You barely miss Grinder.
Grinder is almost dead.
Grinder gestures at you.
You suddenly lose the ability to move!
Grinder hits you.
* * * LOW HITPOINT WARNING * * *
You writhe in agony.
You die...

### ##########.##
##.........#.#
#......5@....###
#..............##
#...............###
#.................###
#...................##
#....................####
#........>...............
#......................##
#......................#


You could see Grinder.

Vanquished Creatures
  Pikel (D:4)
  A black bear (D:4)
  An ice beast (D:5)
  A kobold brigand (Sewer)
  A lemure (D:4)
  A scorpion (D:3)
  A water moccasin skeleton (D:4)
  An orc priest (D:3)
  A hound (D:3)
  A jelly (D:5)
  Jessica (D:2)
  A hound skeleton (D:4)
  A howler monkey zombie (D:3)
  5 gnolls
  3 adders
  3 river rats (Sewer)
  A shadow imp (D:4)
  3 dart slugs
  7 orcs (D:3)
  5 bats
  7 endoplasms
  7 giant cockroaches
  8 goblins
  3 hobgoblins
  7 jackals
  5 kobolds
  7 quokkas
  7 ball pythons
  5 frilled lizards
  9 rats
105 creatures vanquished.

Notes
Turn   | Place    | Note
-------+----------+-------------------------------------------
     0 | D:1      | mhtbhm the Gargoyle Fighter began the quest for the Orb.
     0 | D:1      | Reached XP level 1. HP: 14/14 MP: 1/1
   303 | D:1      | Reached XP level 2. HP: 19/19 MP: 2/2
   871 | D:1      | Reached XP level 3. HP: 22/23 MP: 3/3
  1679 | D:2      | Noticed Jessica
  1683 | D:2      | Killed Jessica
  1684 | D:2      | Reached XP level 4. HP: 28/28 MP: 4/4
  1788 | D:2      | Found a glowing silver altar of Zin.
  2516 | D:3      | Noticed a scorpion
  2535 | D:3      | Killed a scorpion
  2536 | D:3      | Reached XP level 5. HP: 15/33 MP: 5/5
  3042 | D:3      | Found a faded altar of an unknown god.
  3708 | D:3      | Reached XP level 6. HP: 23/38 MP: 6/6
  4078 | D:4      | Reached skill level 1 in Dodging
  4099 | D:4      | Noticed a black bear
  4110 | D:4      | Killed a black bear
  4111 | D:4      | Reached skill level 5 in Armour
  4341 | D:4      | Reached XP level 7. HP: 42/42 MP: 7/7
  4364 | D:4      | Noticed Pikel
  4513 | D:4      | Killed Pikel
  4514 | D:4      | Reached skill level 5 in Maces & Flails
  4514 | D:4      | Reached skill level 1 in Stealth
  4514 | D:4      | Reached skill level 5 in Shields
  4514 | D:4      | Reached XP level 8. HP: 34/48 MP: 8/8
  4827 | D:5      | Entered Level 5 of the Dungeon
  4932 | D:5      | Found a glowing drain.
  4969 | Sewer    | Entered a sewer
  5238 | Sewer    | Found a white marble altar of Elyvilon.
  6071 | D:6      | Noticed Grinder
  6110 | D:6      | Paralysed by Grinder for 4 turns
  6125 | D:6      | Paralysed by Grinder for 3 turns
  6147 | D:6      | Paralysed by Grinder for 7 turns
  6148 | D:6      | Slain by Grinder

Illustrated notes

Levels and vault maps discovered:
D:1:      amcnicky_arrival_feature_with_door, layout_basic
D:2:      layout_basic, basic_altar, serial_curves, eino_curves_01,
          eino_curves_03, minmay_between, uniq_jessica
D:3:      minmay_bubble_buster, layout_loops_ring,
          hellmonk_ecumenical_altar_run_dry
D:4:      layout_rooms, uniq_pikel
D:5:      layout_loops_ring, portal_sewer_entry_f, minmay_tree_intersection
D:6:      layout_cave_pods, serial_shops, shop, uniq_grinder

Skill      XL: |  1  2  3  4  5  6  7  8 |
---------------+-------------------------+-----
Armour         | 4 5 6 |  6.3
Maces & Flails | 3 4 5 6 |  6.2
Shields        | 4 5 |  5.3
Dodging        | 1 2 |  2.2
Fighting       | 4 |  4.5
Stealth        | 1 |  1.4
Throwing       | |  0.1

Action                   |  1- 3 |  4- 6 |  7- 9 || total
-------------------------+-------+-------+-------++-------
Melee: Flail             |    80 |   203 |    24 ||   307
       Whip              |       |       |   144 ||   144
Throw: Throwing net      |       |     1 |       ||     1
Evoke: Wand              |       |       |     3 ||     3
  Use: Scroll            |     2 |     2 |     7 ||    11
       Potion            |       |     1 |     1 ||     2
Armor: Scale mail        |    42 |   125 |    68 ||   235
Dodge: Dodged            |    42 |   124 |    57 ||   223
Block: Buckler           |    15 |    57 |    36 ||   108
